giant ant, chaotic female human Ranger ----- --|------- |...| #-........| --------------- |(...# #|........| |.............| ##....|# #|(.......| |.............| ----- # |...|# #|.....>..| |..........{..| ##|...| # |...|# #.........| |.............| # |...| # -----# #---------- |.............| ####-...-# # # # -----.------.-- # #|...|# # # # # # ### #-----# # # # # # # # # # # # # # # # # # # # ### # # ### -----# # # # # # # |>...# # #### #### @ ###|...| ---.-## #------C #....| |....#` #|....-# |...| |...| #-...<| |...| ----- ------ ----- giant ant the Lookout Experience level: 4 Strength: 17 Dexterity: 10 Constitution: 15 Intelligence: 15 Wisdom: 13 Charisma: 7 Health: 0(31) Energy: 23(23) Def: 9 Gold: 716 Moves: 2806 Dungeon seed: LKZiNP5C63f4qNUS Game ID: giant ant_1540223027 Your Inventory: Coins $ - 716 gold pieces Weapons a - a +1 dagger (weapon in hand) b - a +1 bow (alternate weapon; not wielded) c - 48 +2 arrows (in quiver) d - 36 +0 arrows A - a corroded +2 arrow Armor e - a blessed +3 cloak of displacement (being worn) n - a blessed +1 ring mail (being worn) q - an uncursed +0 orcish helm (being worn) Y - an uncursed +0 T-shirt (being worn) Comestibles h - an uncursed food ration o - 2 uncursed food rations s - 2 uncursed bananas Scrolls P - an uncursed scroll of identify Potions Q - an uncursed potion of polymorph Rings t - an uncursed ring of stealth (on left hand) B - an uncursed ring of sustain ability (on right hand) Wands j - a wand of polymorph (0:1) F - a wand of probing (0:5) K - a cursed wand of speed monster (0:3) M - a wand of cold (0:3) R - a wand of nothing (0:3) Tools l - an uncursed skeleton key y - an uncursed blindfold z - an uncursed brass lantern (0:1263) Gems r - an uncursed citrine stone N - an uncursed worthless piece of red glass O - an uncursed agate stone Spells and supernatural/magical abilities: Name Level Category Fail Memory W - pray for help -- divine ? -- Your skills at the end: Fighting Skills Weapon Skills dagger [Basic] bow [Basic] Spellcasting Skills Final Attributes: You were piously aligned. You were telepathic. You had automatic searching. You were displaced. You were stealthy. You were fast. You had fixed abilities. You are dead. Vanquished creatures: a floating eye a homunculus an orc zombie an iguana 2 acid blobs a yellow mold a red mold 5 geckos 2 jackals a kobold 2 goblins 3 sewer rats 4 grid bugs a bat 3 lichens 6 newts 35 creatures vanquished. Voluntary challenges: You used a wielded weapon 25 times, starting on turn 19. You read items or engraved 11 times, starting on turn 777. You never genocided any monsters. You never polymorphed an object. You never changed form. You used no wishes. You never split a pudding. You wrote Elbereth's name 4 times, starting on turn 777. You never violated your personal moral code. Dungeon overview: The Dungeons of Doom: levels 1 to 4 Level 1 a fountain a long staircase Level 2 a general store, an altar to Mercury Level 3 an altar to Mars, a sink Level 4 <- You were here a fountain a long staircase History has recorded: On T:1 you entered the Dungeons of Doom to retrieve the Amulet of Yendor! On T:114 you reached level 2 of The Dungeons of Doom. On T:353 you advanced to experience level 2. On T:1185 you reached level 3 of The Dungeons of Doom. On T:1191 you advanced to experience level 3. On T:1750 you reached level 4 of The Dungeons of Doom. On T:2747 you advanced to experience level 4. Score breakdown: Gold: 716 ( 9713 points) Experience: 4 levels ( 9649 points) Exploration: 4 levels ( 8.16%) ( 7500 points) Discoveries: 13 items ( 4.35%) ( 6255 points) Valuables value: (no points given unless you survive) Artifact value: 0 ( 0 points) Variety of kills: 16 monsters ( 4.20%) ( 6147 points) Turncount: 2806 turns ( -501 points) Survival: died (score multiplied by 80%) Total score: 31010 Latest messages: You see here a large box. Something is written here in the dust. You read: "El ??e??". Something is written here in the dust. You read: "?lbc ?". You displace Sirius. Something is written here in the dust. You read: "?|b?". Something is written here in the dust. You read: "El ? c??". You see here a large box. You stop running. The giant bat bites! You write in the dust with your fingers. The giant bat just misses! The giant bat bites! The giant bat misses. You hit the giant bat. The giant bat bites! The giant bat misses. The mountain centaur hits! The mountain centaur kicks! (2x) The mountain centaur hits! You die... Final status: Goodbye giant ant the Ranger, killed by a mountain centaur... You died in The Dungeons of Doom on dungeon level 4 with 31010 points, and 716 pieces of gold, after 2806 moves. You were level 4 with a maximum of 31 hit points when you died.